 Dungeon Crawl Stone Soup version 0.24-a0-582-g4d4af813a0 (webtiles) character file.

Game seed: 9121739105128863854

231 ElectroBlueGuy the Purveyor of Pain (level 5, -17/37 HPs)
             Began as a Vampire Necromancer on Aug 27, 2019.
             Was an Initiate of Kikubaaqudgha.
             Demolished by an orc warrior
             ... wielding a +2 long sword of holy wrath
              (22 damage)
             ... on level 4 of the Dungeon.
             The game lasted 00:28:53 (2921 turns).

ElectroBlueGuy the Purveyor of Pain (VpNe)          Turns: 2921, Time: 00:28:54

Health: -17/37     AC: 10    Str:  7    XL:     5   Next: 73%
Magic:  9/9        EV:  8    Int: 18    God:    Kikubaaqudgha [......]
Gold:   157        SH:  0    Dex: 15    Spells: 5/10 levels left

rFire    . . .     SeeInvis +   b - +0 hunting sling
rCold    . . .     Gourm    .   (no shield)
rNeg     . . .     Faith    .   n - +0 scale mail (curse)
rPois    .         Spirit   .   (no helmet)
rElec    .         Reflect  .   (no cloak)
rCorr    .         Harm     .   f - +2 pair of gloves
MR       .....                  w - +0 pair of boots (curse)
Stlth    ++........             j - amulet of regeneration
HPRegen  0.72/turn              (no ring)
MPRegen  0.11/turn              (no ring)

@: very slightly contaminated, regenerating quickly
A: no food, fangs 3, see invisible, unbreathing
a: Exsanguinate, Renounce Religion


You were on level 4 of the Dungeon.
You worshipped Kikubaaqudgha.
Kikubaaqudgha was noncommittal.
You were alive.

You visited 1 branch of the dungeon, and saw 4 of its levels.

You collected 157 gold pieces.

Inventory:

Hand Weapons
 a - a +0 dagger of flaming
 b - a +0 hunting sling (weapon)
 c - a +0 mace
Missiles
 d - 31 bolts
 e - 15 sling bullets (quivered)
 g - 148 stones
 o - 7 datura-tipped darts
 r - 50 arrows
 v - 9 boomerangs
Armour
 f - a +2 pair of gloves (worn)
 i - a +0 pair of gloves
 m - a +0 leather armour
 n - a cursed +0 scale mail (worn)
 p - a +0 leather armour
 q - a +1 robe
 w - a cursed +0 pair of boots (worn)
Jewellery
 j - an amulet of regeneration (around neck)
Wands
 l - a wand of random effects (15)
Scrolls
 k - 2 scrolls of immolation
 s - 2 scrolls of teleportation
 t - a scroll of blinking
Potions
 u - a potion of brilliance {unknown}
Comestibles
 h - 5 rations


   Skills:
 + Level 1.4 Fighting
 + Level 0.4 Short Blades
 - Level 1.0 Maces & Flails
 + Level 3.5 Dodging
 + Level 4.9 Stealth
 + Level 3.0 Spellcasting
 + Level 5.2 Necromancy


You had 5 spell levels left.
You knew the following spells:

 Your Spells              Type           Power        Failure   Level  Hunger
a - Pain                  Necr           ###.         26%         1    N/A
b - Animate Skeleton      Necr           N/A          26%         1    N/A
c - Regeneration          Chrm/Necr      ##........   92%         3    N/A

Your spell library contained the following spells:

 Spells                   Type           Power        Failure   Level  Hunger
 Vampiric Draining        Necr           ###.......   58%         3    N/A
 Animate Dead             Necr           N/A          94%         4    N/A

Dungeon Overview and Level Annotations

Branches:
Dungeon (4/15)
 Temple: D:4-7

Altars:
Fedhas
Kikubaaqudgha
Ru


Innate Abilities, Weirdness & Mutations

You do not eat.
Your natural rate of healing is unusually fast.
You have razor-sharp teeth.
You have supernaturally acute eyesight. (SInv)
You can survive without breathing.


Message History

The sling bullet barely misses the orc priest.
The orc closely misses you.
Firing (i - inventory. (/) - cycle)
e - 17 sling bullets (quivered)
Press: ? - help, Shift-Dir - straight line, f/p - orc
Aim: an orc, wielding a +0 hand axe (lightly wounded)
You shoot a sling bullet. The sling bullet hits the orc.
The orc is heavily wounded.
The orc hits you but does no damage.
Firing (i - inventory. (/) - cycle)
e - 16 sling bullets (quivered)
Press: ? - help, Shift-Dir - straight line, f/p - orc
Aim: an orc, wielding a +0 hand axe (heavily wounded)
You shoot a sling bullet. The sling bullet hits the orc.
The orc is severely wounded.
The orc barely misses you.
The orc warrior hits you with a +2 long sword of holy wrath!
* * * LOW HITPOINT WARNING * * *
You convulse!!
Ouch! That really hurt!
You die...
Kikubaaqudgha rasps: "You have failed me!
Welcome... death!"

.. .. ..
...#.
.#.#.#
......
#.....###
#.....#
#....@###
###..#ooo##
#
#....#o...#
.....
#...### ...
###.##
##.##.#..#
#.....<###
.
###...)..##
o..
###...$.##


You could see an orc warrior, an orc priest and 2 orcs.

Vanquished Creatures
  An orc wizard (D:3)
  An orc priest (D:3)
  Jessica (D:2)
  Robin (D:3)
  3 adders (D:3)
  3 oozes
  3 dart slugs
  3 leopard geckos (D:2)
  4 orcs
  2 bat zombies (D:3)
  2 giant cockroaches
  12 goblins
  14 hobgoblins
  2 ball pythons (D:2)
  8 bats
  2 frilled lizards (D:2)
  7 kobolds
  5 rats
74 creatures vanquished.

Vanquished Creatures (collateral kills)
  An adder (D:3)
  An ooze (D:2)
  A dart slug (D:1)
  A hobgoblin (D:1)
  A kobold (D:1)
  A quokka (D:2)
  A ball python (D:2)
  A rat (D:1)
8 creatures vanquished.

Grand Total: 82 creatures vanquished

Notes
Turn   | Place    | Note
-------+----------+-------------------------------------------
     0 | D:1      | ElectroBlueGuy the Vampire Necromancer began the quest for
                  | the Orb.
     0 | D:1      | Reached XP level 1. HP: 13/13 MP: 3/3
    49 | D:1      | Learned a level 1 spell: Animate Skeleton
   122 | D:1      | Reached XP level 2. HP: 19/19 MP: 5/5
   543 | D:1      | Reached XP level 3. HP: 21/24 MP: 6/6
   590 | D:1      | Learned a level 3 spell: Regeneration
  1420 | D:2      | Found a blossoming altar of Fedhas.
  1498 | D:2      | Noticed Jessica
  1510 | D:2      | Found a sacrificial altar of Ru.
  1516 | D:2      | Killed Jessica
  1516 | D:2      | Reached XP level 4. HP: 30/30 MP: 5/7
  1672 | D:2      | You fall into a shaft and drop 1 floor!
  1830 | D:3      | Reached skill level 5 in Necromancy
  1918 | D:3      | Reached skill level 1 in Fighting
  1918 | D:3      | Reached XP level 5. HP: 16/37 MP: 9/9
  1968 | D:3      | Reached skill level 1 in Maces & Flails
  2044 | D:3      | Noticed Robin
  2117 | D:3      | Killed Robin
  2807 | D:3      | Found an ancient bone altar of Kikubaaqudgha.
  2819 | D:3      | Became a worshipper of Kikubaaqudgha
  2893 | D:4      | Noticed an orc warrior
  2921 | D:4      | Demolished by an orc warrior

Levels and vault maps discovered:
D:1:      lightli_arrival_quake, layout_loops_cross, minmay_hexomino_c4
D:2:      layout_loops_cross, nicolae_ru_awakened_eye, grunt_ministairs_4,
          fedhas_altar_4, uniq_jessica
D:3:      layout_loops_ring, lemuel_zombie_altar_kikubaaqudgha, first_ration,
          grunt_decor_one_mirror, corexii_shack, uniq_robin
D:4:      layout_cave_pools, overflow_temple_1_default,
          minmay_temple_entry_offerings, serial_park_tiny_2

Skill      XL: |  1  2  3  4  5 |
---------------+----------------+-----
Stealth        | 4 |  4.9
Dodging        | 3 |  3.5
Necromancy     | 5 |  5.2
Fighting       | 1 |  1.4
Maces & Flails | 1 |  1.0
Spellcasting   | 3 |  3.0
Short Blades   | |  0.4

Action                   |  1- 3 |  4- 6 || total
-------------------------+-------+-------++-------
Melee: Mace              |    94 |    71 ||   165
       Bite              |    10 |    10 ||    20
       Dagger            |       |    97 ||    97
 Fire: Hunting sling     |       |    26 ||    26
Throw: Stone             |       |     4 ||     4
 Cast: Animate Skeleton  |    17 |    12 ||    29
       Pain              |    11 |     8 ||    19
Evoke: Wand              |       |     2 ||     2
  Use: Scroll            |     4 |     5 ||     9
       Potion            |     2 |     2 ||     4
 Stab: Sleeping          |     5 |     5 ||    10
Armor: Robe              |    33 |    10 ||    43
       Scale mail        |       |   108 ||   108
Dodge: Dodged            |    91 |    73 ||   164

Table legend:
 A = Non-vault XP
 B = Vault XP
 C = Vault XP percentage of total XP
 D = Non-vault monster count
 E = Vault monster count
 F = Vault count percentage of total count
                 A         B        C        D         E       F
            +---------+---------+-------+---------+---------+-------
      Total |     244 |      87 |  26.3 |      59 |      23 |  28.0
            +---------+---------+-------+---------+---------+-------
        D:1 |      41 |      11 |  21.2 |      23 |       4 |  14.8
        D:2 |      39 |      31 |  44.3 |      17 |       3 |  15.0
        D:3 |     161 |      45 |  21.8 |      18 |      16 |  47.1
        D:4 |       3 |       0 |   0.0 |       1 |       0 |   0.0
            +---------+---------+-------+---------+---------+-------
